 Dungeon Crawl Stone Soup version 0.21.0-37-g46506fa (webtiles) character file.

2390 doot the Firebug (level 9, -14/68 HPs)
             Began as a Grey Draconian Fire Elementalist on Jan 30, 2018.
             Was a Follower of Qazlal.
             Killed from afar by an orc (27 damage)
             ... with an exploding inner flame
             ... hexed by the player character
             ... on level 7 of the Dungeon.
             The game lasted 00:34:17 (6673 turns).

doot the Firebug (Grey Draconian Fire Elementalist) Turns: 6673, Time: 00:34:18

Health: -14/68     AC: 15    Str:  5 (7)  XL:     9   Next: 22%
Magic:  3/15       EV: 13    Int: 24 (25) God:    Qazlal [*.....]
Gold:   323        SH:  1    Dex: 15 (17) Spells: 6/17 levels left

rFire    . . .     SeeInvis .   G - +8 spear of Moipupixt {flame, rPois Str-3 Int+9 Dex+2}
rCold    . . .     Gourm    .   (no shield)
rNeg     . . .     Faith    .   (armour unavailable)
rPois    +         Spirit   .   (helmet restricted)
rElec    .         Reflect  .   (no cloak)
rCorr    .         Harm     .   A - +2 pair of gloves
MR       .....                  (no boots)
Stlth    +++++.....             o - amulet of regeneration
HPRegen  0.61/turn              c - ring of stealth
MPRegen  0.14/turn              E - ring of stealth

@: no status effects
A: walk through water, unfitting armour, unbreathing, cold-blooded, AC +12
a: Renounce Religion


You were on level 7 of the Dungeon.
You worshipped Qazlal.
Qazlal was aware of your devotion.
You were not hungry.

You visited 2 branches of the dungeon, and saw 9 of its levels.
You also visited: Ossuary.

You collected 323 gold pieces.

Inventory:

Hand Weapons
 d - a +0 club
 k - a +0 dagger
 t - a +3 short sword
 G - the +8 spear of Moipupixt (weapon) {flame, rPois Str-3 Int+9 Dex+2}
   (You found it on level 5 of the Dungeon)

   It has been specially enchanted to burn those struck by it, causing extra
   injury to most foes and up to half again as much damage against particularly
   susceptible opponents.
   It affects your strength (-3).
   It affects your intelligence (+9).
   It affects your dexterity (+2).
   It protects you from poison.
Armour
 A - a +2 pair of gloves (worn)
Jewellery
 c - a ring of stealth (left hand)
 o - an amulet of regeneration (around neck)
 s - an uncursed ring of protection from magic
 E - a ring of stealth (right hand)
 F - an uncursed ring of positive energy
 I - an uncursed ring of resist corrosion
Wands
 g - a wand of digging (8)
 q - a wand of flame (31)
 M - a wand of polymorph (19)
Scrolls
 e - 3 scrolls of blinking {unknown}
 h - 2 scrolls of fear
 p - 7 scrolls of teleportation
 y - a scroll of torment {unknown}
 B - a scroll of random uselessness {unknown}
 D - a scroll of enchant armour
 H - 4 scrolls of identify
 J - a scroll of remove curse
 K - a scroll of amnesia
 L - a scroll of enchant weapon {unknown}
Potions
 f - a potion of might
 i - a potion of flight
 l - 3 potions of curing
 r - a potion of ambrosia {unknown}
 v - a potion of berserk rage {unknown}
 w - a potion of agility
 x - 3 potions of haste
 z - a potion of brilliance {unknown}
 C - a potion of resistance {unknown}
Books
 a - a book of Flames

   Spells                             Type                      Level
   a - Flame Tongue                   Conjuration/Fire             1
   b - Throw Flame                    Conjuration/Fire             2
   c - Conjure Flame                  Conjuration/Fire             3
   d - Inner Flame                    Hexes/Fire                   3
   e - Sticky Flame                   Conjuration/Fire             4
   f - Fireball                       Conjuration/Fire             5
Comestibles
 b - 8 rations
 N - 4 chunks of flesh


   Skills:
 + Level 2.5 Fighting
 + Level 2.8 Short Blades
 + Level 0.1 Maces & Flails
 + Level 4.1 Polearms
 + Level 2.7 Dodging
 + Level 4.7 Stealth
 + Level 4.5 Spellcasting
 * Level 5.1 Conjurations
 + Level 1.0 Hexes
 * Level 7.1 Fire Magic


You had 6 spell levels left.
You knew the following spells:

 Your Spells              Type           Power        Failure   Level  Hunger
a - Flame Tongue          Conj/Fire      #####        1%          1    None
b - Sticky Flame          Conj/Fire      #####...     8%          4    ####...
c - Conjure Flame         Conj/Fire      #####...     2%          3    ##.....
d - Inner Flame           Hex/Fire       ####....     4%          3    ##.....


Dungeon Overview and Level Annotations

Branches:
Dungeon (8/15)             Temple (1/1) D:6
   Lair: D:8-11

Altars:
Ashenzari
Cheibriados
Dithmenos
Elyvilon
Fedhas
Gozag
Kikubaaqudgha
Makhleb
Nemelex Xobeh
Okawaru
Qazlal
Ru
Sif Muna
Trog
Vehumet
Xom
Zin
The Shining One


Innate Abilities, Weirdness & Mutations

You can walk through water.
Your dull iron-grey scales are very hard. (AC +12)
You cannot fit into any form of body armour.
You can survive without breathing.
You are cold-blooded and may be slowed by cold attacks.


Message History

The orc is severely wounded.
The orc wizard is engulfed in freezing vapours.
The orc wizard barely misses you. The orc warrior barely misses you.
The orc barely misses you.
Casting: Flame Tongue
Confirm with . or Enter, or press ? or * to list all spells.
Aiming: Flame Tongue
Press: ? - help, Shift-Dir - straight line, f/p - orc
Aim: an orc, wielding a short sword and wearing a leather armour (severely wounded, inner flame)
The flame tongue hits the orc.
The orc explodes!
The fiery explosion engulfs the orc wizard.
The orc wizard is almost dead.
You hear a sizzling sound!
The fiery explosion engulfs the orc warrior.
You kill the orc warrior!
Qazlal accepts your kill.
Your Hexes skill increases to level 1!
The fiery explosion engulfs you!
You die...

##.##..# #..
#[(#
##.###(##### .
#....()†...# .
#.....)....#
#.#.....[.[..#
#.#...(.§....#
#.#%..§(o....#
#.....§§@...>#
###.....†(....#
#...!##########
#....# #....#
######


You could see an orc wizard.

Vanquished Creatures
  Grinder (D:6)
  2 orc warriors (D:7)
  A black bear (D:6)
  An ice beast (D:6)
  5 ogres
  5 centaurs
  2 bullfrogs (D:6)
  3 scorpions
  A howler monkey (D:7)
  2 crimson imps (D:6)
  A jelly (D:5)
  2 orc priests
  2 hounds
  2 orc wizards
  A centaur skeleton (D:6)
  5 worker ants
  3 mummies (Ossuary)
  A worker ant zombie (D:6)
  11 gnolls (D:5)
  4 adders
  2 oozes
  An adder zombie (D:6)
  A worm (D:4)
  3 dart slugs
  A leopard gecko (D:4)
  20 orcs
  4 giant cockroaches
  2 gnoll zombies (Ossuary)
  13 goblins
  7 hobgoblins
  4 jackals
  4 kobolds
  A quokka (D:2)
  3 ball pythons
  5 bats
  4 frilled lizards
  6 gnoll skeletons (Ossuary)
  3 goblin skeletons (Ossuary)
  4 goblin zombies (Ossuary)
  A hobgoblin skeleton (Ossuary)
  4 hobgoblin zombies (Ossuary)
  A kobold zombie (Ossuary)
  A leopard gecko skeleton (D:4)
  A leopard gecko zombie (D:5)
  An orc skeleton (Ossuary)
  An orc zombie (Ossuary)
  A quokka zombie (D:5)
  6 rats
  2 rat skeletons (Ossuary)
  6 rat zombies (Ossuary)
168 creatures vanquished.

Vanquished Creatures (others)
  Menkaure (Ossuary)
  A gnoll skeleton (Ossuary)
  A gnoll zombie (Ossuary)
  4 goblin skeletons (Ossuary)
  A goblin zombie (Ossuary)
  2 hobgoblin skeletons (Ossuary)
  2 hobgoblin zombies (Ossuary)
  2 kobold skeletons (Ossuary)
  2 kobold zombies (Ossuary)
  An orc skeleton (Ossuary)
  2 rat skeletons (Ossuary)
  A rat zombie (Ossuary)
20 creatures vanquished.

Grand Total: 188 creatures vanquished

Notes
Turn   | Place    | Note
-------+----------+-------------------------------------------
     0 | D:1      | doot the Draconian Fire Elementalist began the quest for the Orb.
     0 | D:1      | Reached XP level 1. HP: 14/14 MP: 3/3
   201 | D:1      | Reached XP level 2. HP: 15/20 MP: 1/5
   517 | D:2      | Found an opulent altar of Gozag.
   936 | D:2      | Reached XP level 3. HP: 26/26 MP: 2/6
  1360 | D:3      | Found a sacrificial altar of Ru.
  1612 | D:3      | Reached skill level 4 in Fire Magic
  2152 | D:1      | Reached XP level 4. HP: 33/33 MP: 4/7
  2158 | D:1      | Learned a level 4 spell: Sticky Flame
  2526 | D:3      | Found a sparkling altar of Nemelex Xobeh.
  2709 | D:3      | Reached XP level 5. HP: 38/38 MP: 6/8
  2714 | D:3      | Learned a level 3 spell: Conjure Flame
  2794 | D:3      | Found a blossoming altar of Fedhas.
  3038 | D:4      | Found a sand-covered staircase.
  3052 | Ossuary  | Entered an ossuary
  3068 | Ossuary  | Reached skill level 1 in Short Blades
  3449 | Ossuary  | Killed Menkaure
  4058 | D:4      | Reached skill level 5 in Fire Magic
  4083 | D:4      | Reached XP level 6. HP: 46/46 MP: 1/10
  4621 | D:5      | Entered Level 5 of the Dungeon
  4647 | D:5      | Learned a level 3 spell: Inner Flame
  4827 | D:5      | Reached skill level 1 in Fighting
  4827 | D:5      | Your scales start taking on a dull iron-grey colour.
  4827 | D:5      | Reached XP level 7. HP: 47/52 MP: 3/11
  4827 | D:5      | Gained mutation: You can survive without breathing. [Grey Draconian growth]
  4915 | D:5      | Found an iron altar of Okawaru.
  4950 | D:5      | Got a shimmering spear
  4951 | D:5      | Identified the +8 spear of Moipupixt {flame, rPois Str-3 Int+9 Dex+2} (You found it on level 5 of the Dungeon)
  5423 | D:5      | Found a radiant altar of Vehumet.
  5630 | D:6      | Found a glowing golden altar of the Shining One.
  5642 | D:6      | Reached skill level 1 in Polearms
  5670 | D:6      | Reached skill level 6 in Fire Magic
  5670 | D:6      | Reached XP level 8. HP: 49/59 MP: 2/13
  5772 | D:6      | Found a staircase to the Ecumenical Temple.
  5814 | Temple   | Entered the Ecumenical Temple
  5829 | Temple   | Became a worshipper of Qazlal Stormbringer
  5921 | D:6      | Found a shattered altar of Ashenzari.
  6073 | D:6      | Noticed Grinder
  6092 | D:6      | Killed Grinder
  6491 | D:6      | Reached XP level 9. HP: 67/68 MP: 6/15
  6585 | D:7      | Reached skill level 5 in Conjurations
  6588 | D:7      | Reached skill level 7 in Fire Magic
  6588 | D:7      | Reached * piety under Qazlal
  6673 | D:7      | Reached skill level 1 in Hexes
  6673 | D:7      | Killed from afar by an orc

Skill      XL: |  1  2  3  4  5  6  7  8  9 |
---------------+----------------------------+-----
Stealth        | 2 3 4 |  4.7
Dodging        | 2 |  2.7
Fire Magic     | 4 5 6 7 |  7.1
Short Blades   | 1 2 |  2.8
Conjurations   | 2 3 4 5 |  5.1
Spellcasting   | 3 4 |  4.5
Fighting       | 1 2 |  2.5
Polearms       | 1 3 4 |  4.1
Hexes          | 1 |  1.0
Maces & Flails | |  0.1

Action                   |  1- 3 |  4- 6 |  7- 9 || total
-------------------------+-------+-------+-------++-------
Melee: Club              |    29 |       |       ||    29
       Dagger            |     4 |       |       ||     4
       Tailslap          |     1 |     6 |     4 ||    11
       Short sword       |    13 |    64 |     1 ||    78
       Spear             |       |       |    87 ||    87
 Cast: Flame Tongue      |    74 |    75 |    26 ||   175
       Sticky Flame      |       |     7 |     8 ||    15
       Conjure Flame     |       |     1 |     3 ||     4
       Inner Flame       |       |       |     8 ||     8
  Use: Scroll            |     6 |     2 |       ||     8
       Potion            |       |     3 |     6 ||     9
 Stab: Sleeping          |     3 |     3 |     7 ||    13
  Eat: Chunk             |     2 |     7 |     9 ||    18
       Ration            |     1 |     1 |       ||     2
Armor: Skin              |    22 |    27 |    36 ||    85
Dodge: Dodged            |    66 |    34 |    66 ||   166
